[Event "Early-Titled-Tuesday-Blitz-January-23-2024"]
[Site "Chess.com"]
[Date "2024.01.23"]
[Round "2"]
[White "giomar27"]
[Black "Harry_Rakkel"]
[Result "1-0"]
[WhiteElo "2391"]
[BlackElo "2654"]
[TimeControl "180+1"]
[EndTime "8:18:25 PST"]
[Termination "giomar27 won on time"]

1. d4 Nf6 2. Nc3 d5 3. Bf4 a6 4. e3 e6 5. g4 Bb4 6. Bd3 c5 7. g5 Ne4 8. Bxe4 dxe4 9. dxc5 Bd7 10. Qd6 Bxc3+ 11. bxc3 Bb5 12. a4 Qxd6 13. Bxd6 Bc6 14. Ne2 h6 15. gxh6 Rxh6 16. Nd4 Nd7 17. Ke2 Bd5 18. Rab1 Rc8 19. Nb3 Bxb3 20. Rxb3 Nxc5 21. Bxc5 Rxc5 22. Rxb7 Rxc3 23. Kd2 Rc6 24. Ra7 Rf6 25. Rb1 Rc8 26. Rbb7 Rxf2+ 27. Ke1 Rf3 28. Kd2 g5 29. Rxa6 Rf2+ 30. Ke1 Rf3 31. Kd2 Rd8+ 32. Ke2 Rh3 33. Raa7 Rxh2+ 34. Ke1 Rh7 35. a5 g4 36. Re7+ Kf8 37. Red7 Rc8 38. Rac7 Ra8 39. Ra7 Rxa7 40.
Rxa7 Rh3 41. Kf2 Rf3+ 42. Kg2 Rxe3 43. a6 Kg7 44. Ra8 Rc3 45. a7 Rxc2+ 46. Kg3 Ra2 47.
Kxg4 Kf6 48. Kf4 Ra4 49. Ke3 e5 50. Ke2 Ra3 51. Kf2 Ra5 52. Ke3 Ra4 53. Kf2 Ra3 54. Ke2 e3 55. Kf3 1-0

[Event "Early-Titled-Tuesday-Blitz-January-23-2024"]
[Site "Chess.com"]
[Date "2024.01.23"]
[Round "2"]
[White "tarno17"]
[Black "Road2GM3000"]
[Result "1/2-1/2"]
[WhiteElo "2077"]
[BlackElo "2439"]
[TimeControl "180+1"]
[EndTime "8:18:26 PST"]
[Termination "Game drawn by repetition"]

1. e4 c5 2. Nf3 d6 3. Bb5+ Nd7 4. O-O Nf6 5. Re1 e6 6. c3 Be7 7. d4 O-O 8. Nbd2 cxd4 9. Nxd4 a6 10. Ba4 Qc7 11.
N2f3 b5 12. Bc2 Bb7 13. Bg5 Ne5 14. Nxe5 dxe5 15. Nf3 Rfd8 16. Qe2 Nh5 17. Bxe7 Nf4 18. Qe3 Qxe7 19. g3 Ng6 20. Rad1 h6 21. h4 Qc7 22. h5 Ne7 23. g4 f6 24. Nh4 Qc6 25. Bb3 Kf7 26.
f3 Rac8 27. Kg2 a5 28. a3 Qc7 29. Nf5 Qc6 30. Kg3 Kf8 31. Nh4 Rd6 32. Qa7 Rcd8 33. Rxd6 Rxd6 34. Rd1 Rxd1 35. Bxd1 Nc8 36. Qb8 Ke7 37.
Ng6+ Kd7 38. Nf8+ Ke8 39. Nxe6 Qxe6 40. Qxb7 Qc4 41. Qxg7 Ne7 42. Qxf6 Qf1 43. Bb3 Qc1 44. Bf7+ Kd7 45. Qe6+ Kd8 46. Qd6+ Kc8 47. Be6+ Kb7 48.
Qxe7+ Kb6 49. Qd6+ Kb7 50. Bd5+ Kc8 51. Be6+ Kb7 52.
Qd7+ Kb6 53. Bd5 Qf4+ 54. Kf2 Qd2+ 55. Kf1 Qd1+ 56. Kg2 Qe2+ 57. Kg3 Qe1+ 58. Kg2 Qe2+ 59. Kg1 Qe1+ 60. Kg2 Qe2+ 1/2-1/2

[Event "Early-Titled-Tuesday-Blitz-January-23-2024"]
[Site "Chess.com"]
[Date "2024.01.23"]
[Round "2"]
[White "Eeleyah"]
[Black "AlexPapasimakopoulos"]
[Result "0-1"]
[WhiteElo "2407"]
[BlackElo "2711"]
[TimeControl "180+1"]
[EndTime "8:18:27 PST"]
[Termination "AlexPapasimakopoulos won on time"]

1. d4 e6 2. c4 Nf6 3. g3 Bb4+ 4. Nd2 c5 5. a3 Bxd2+ 6. Qxd2 cxd4 7. Nf3 Nc6 8. Nxd4 O-O 9. Bg2 d5 10. O-O e5 11. Nxc6 bxc6 12. Rd1 Be6 13. b4 Qd6 14. c5 Qc7 15. Bb2 Rfe8 16. e3 Bf5 17. f3 Rad8 18. Qf2 Bg6 19. Rac1 h6 20. h3 Qe7 21.
Kh2 h5 22. a4 a6 23. Bf1 e4 24. f4 Bf5 25. Bxa6 Ra8 26. b5 Qe6 27. Bxf6 Qxf6 28.
Qf1 Rab8 29. Rd4 Bd7 30. Rb1 Qe7 31. Qc1 Qe6 32. Qf1 Qe7 33. Rc1 Ra8 34. b6 Reb8 35.
b7 Ra7 36. Rb4 Qe6 37. Rb6 g6 38. Qg2 Kh7 39. Bf1 Rxa4 40. Qb2 Qe7 41. Qb3 Ra5 42.
Qb4 Ra2+ 43. Bg2 Qe6 44. Kg1 Rxg2+ 45. Kxg2 Qxh3+ 46. Kf2 Qh2+ 47. Ke1 Bg4 48. Qb2 Qxg3+ 49. Kd2 Qf2+ 50. Kc3 Qxe3+ 51. Kb4 Qxf4 52. Ra1 e3+ 53. Ka3 e2 54. Qc3 d4 55. Qb4 Qe3+ 56.
Ka4 Bf5 57. Ka5 d3 58. Ka6 d2 59. Ka7 Re8 60. Rxc6 e1=Q 61. Rxe1 dxe1=Q 0-1

[Event "Early-Titled-Tuesday-Blitz-January-23-2024"]
[Site "Chess.com"]
[Date "2024.01.23"]
[Round "2"]
[White "Kostya0705"]
[Black "Mikhail_Bryakin"]
[Result "1-0"]
[WhiteElo "2584"]
[BlackElo "2844"]
[TimeControl "180+1"]
[EndTime "8:18:28 PST"]
[Termination "Kostya0705 won on time"]

1. e4 g6 2. d4 Bg7 3. Nc3 d6 4. h4 h5 5. f3 c5 6. Be3 cxd4 7. Bxd4 Nf6 8. Nge2 Nc6 9. Be3 a6 10. Qd2 b5 11.
Nd4 Bb7 12. O-O-O Nxd4 13. Bxd4 Qc7 14. Kb1 Rc8 15. a3 Kf8 16. Be2 Nd7 17. g4 Ne5 18. f4 Nc4 19. Bxc4 Qxc4 20. Bxg7+ Kxg7 21. f5 Bxe4 22. Rhe1 d5 23. Nxe4 dxe4 24. fxg6 fxg6 25. Qf4 Qxc2+ 26. Ka1 Qc5 27. gxh5 Rxh5 28. Qxe4 Rf8 29. Rc1 Qd5 30. Qxe7+ Rf7 31. Qe8 Rh8 32. Qe3 Rxh4 33.
Rc8 Rhf4 34. Qh3 Qh5 35. Qc3+ R4f6 36. Ree8 Qd1+ 37. Ka2 Qd5+ 38. Ka1 Qd1+ 39. Ka2 Qd5+ 40. Ka1 Qh1+ 41. Ka2 Qh7 42. Rcd8 a5 43. Qc8 Rb6 44.
Rg8+ Kf6 45. Qc3+ Kf5 46. Qf3+ Kg5 47. Qe3+ Kh5 48. Qxb6 Re7 49. Qc5+ Kh4 50. Rh8 1-0

[Event "Early-Titled-Tuesday-Blitz-January-23-2024"]
[Site "Chess.com"]
[Date "2024.01.23"]
[Round "2"]
[White "margarita_2703"]
[Black "karinachess1"]
[Result "0-1"]
[WhiteElo "2284"]
[BlackElo "2608"]
[TimeControl "180+1"]
[EndTime "8:18:29 PST"]
[Termination "karinachess1 won on time"]

1. e4 e5 2. Nf3 Nc6 3. Bc4 Nf6 4.
O-O Nxe4 5. Nc3 Nd6 6. Bd5 Be7 7. Re1 O-O 8. Nxe5 Nxe5 9. Rxe5 Ne8 10. d4 c6 11. Bc4 d5 12. Bd3 Bf6 13. Re1 Nd6 14. Ne2 Bg4 15. c3 Re8 16. f3 Bf5 17. Bf4 Bxd3 18.
Qxd3 Nc4 19. b3 Nd6 20. Ng3 Qd7 21. Kf2 a5 22. Bxd6 Qxd6 23. Nf5 Qa3 24. Qd2 h6 25. g3 Re6 26. h4 Rae8 27. h5 c5 28. Rxe6 fxe6 29. Ne3 Rc8 30. Nc2 Qb2 31. Qe2 Rc6 32.
Rd1 Qxc3 33. Rd3 Qb2 34. dxc5 Kf7 35. Re3 Rxc5 36. Ne1 Qxe2+ 37. Rxe2 Bd4+ 38. Kg2 Rc1 39. Nc2 Bc5 40. f4 Kf6 41. Kf3 b5 42. Kg4 a4 43.
bxa4 bxa4 44. Ne3 Rc3 45. Ng2 a3 46. Nh4 Rc1 47. f5 e5 48. Ng6 Bd4 49. Nh4 Rb1 50. Kh3 Rb2 51. Re1 Rxa2 52. Nf3 Rb2 53. Rc1 a2 54. Kg4 Rb1 55. Rc6+ Ke7 56. Re6+ Kd7 0-1

[Event "Early-Titled-Tuesday-Blitz-January-23-2024"]
[Site "Chess.com"]
[Date "2024.01.23"]
[Round "2"]
[White "Bastiandash"]
[Black "samirliberec"]
[Result "0-1"]
[WhiteElo "2529"]
[BlackElo "2346"]
[TimeControl "180+1"]
[EndTime "8:18:29 PST"]
[Termination "samirliberec won by resignation"]

1. d4 Nf6 2. Bg5 Ne4 3. Bf4 c5 4. d5 d6 5. f3 Nf6 6. Nc3 g6 7. e4 a6 8. a4 Bg7 9. Qd2 O-O 10.
h4 h5 11. Bh6 e5 12. dxe6 Bxe6 13. Bxg7 Kxg7 14. Nge2 d5 15. exd5 Nxd5 16. Nxd5 Qxd5 17. Qxd5 Bxd5 18. Nf4 Re8+ 19. Kf2 Bc6 20. Be2 Nd7 21.
Rhd1 Rad8 22. a5 Ne5 23. Rxd8 Rxd8 24. Ra3 Rd4 25. Ke3 Rb4 26. b3 c4 27. bxc4 Rxc4 28. c3 Rc5 29. Kd4 Nd7 30. c4 Rf5 31. Nd3 g5 32. g4 hxg4 33. fxg4 Rf6 34. h5 Rd6+ 35. Kc3 f6 36. Ra1 Re6 37. Re1 Re3 38. Kd2 Rg3 39.
Rf1 Be4 40. Nf2 Nc5 41. Rd1 Ra3 42. Ke1 Rxa5 43. Nxe4 Nxe4 44. Rd7+ Kh6 45. Bd3 Re5 46. Kf1 f5 47. gxf5 Kxh5 48. Kg2 Kg4 49. Be2+ Kxf5 50.
Bd3 Kf4 51. Rxb7 Nc5 52. Rf7+ Kg4 53. Bf1 Rf5 54. Be2+ Kf4 55. Ra7 g4 56. Bd3 Nxd3 57.
Rxa6 Rc5 58. Rf6+ Kg5 59. Rg6+ Kxg6 0-1

[Event "Early-Titled-Tuesday-Blitz-January-23-2024"]
[Site "Chess.com"]
[Date "2024.01.23"]
[Round "2"]
[White "Alonmindlin"]
[Black "PenguinPacks"]
[Result "0-1"]
[WhiteElo "2697"]
[BlackElo "2425"]
[TimeControl "180+1"]
[EndTime "8:18:30 PST"]
[Termination "PenguinPacks won by resignation"]

1. d4 Nf6 2. c4 e6 3. Nf3 Bb4+ 4. Nbd2 Qe7 5. g3 d6 6. Bg2 O-O 7. O-O e5 8. Nb3 exd4 9. Nfxd4 Nbd7 10. Nb5 c6 11.
N5d4 Ne5 12. Qc2 a5 13. a3 Bc5 14. Nxc5 dxc5 15. Nf3 a4 16. Nxe5 Qxe5 17. Bf4 Qh5 18. h4 Re8 19. e3 Bf5 20. Qd1 Qg6 21. Qd6 Ne4 22. Qxg6 hxg6 23. g4 Bc8 24. Rad1 f5 25. f3 Nf6 26. g5 Nd7 27. Rd6 Kf7 28. Rfd1 Nb6 29. h5 Be6 30. Bf1 gxh5 31. Be5 Re7 32.
Bc3 Bxc4 33. g6+ Ke8 34. Bh3 Re6 35. Bxg7 Ke7 36. Rxe6+ Bxe6 37. Bc3 Nd5 38. Be5 Nxe3 39. Re1 Nd5 40. Kf2 Rg8 41. g7 Kf7 42. f4 Ne7 43. Bg2 Ng6 44. Bc3 Nxf4 45. Bf1 Nd5 46. Be5 Nf6 47.
Bxf6 Kxf6 48. Rxe6+ Kxe6 49. Bc4+ Kf6 50. Bxg8 Kxg7 51.
Kf3 Kf6 52. Kf4 h4 53. Bc4 b5 54. Bd3 c4 55. Bxf5 c5 56. Bd7 b4 57. Bxa4 c3 58.
bxc3 bxa3 59. Bb3 h3 60. Kg3 Ke5 61. Kxh3 Ke4 62. Kg3 Kd3 63. Kf3 Kxc3 64. Ba2 Kb2 65. Bc4 a2 66. Bxa2 Kxa2 67. Ke2 Kb3 68. Kd2 c4 69.
Kc1 Kc3 70. Kb1 Kd2 0-1

[Event "Early-Titled-Tuesday-Blitz-January-23-2024"]
[Site "Chess.com"]
[Date "2024.01.23"]
[Round "2"]
[White "Natalya_Buksa"]
[Black "ValentunHulka"]
[Result "1/2-1/2"]
[WhiteElo "2559"]
[BlackElo "2804"]
[TimeControl "180+1"]
[EndTime "8:18:31 PST"]
[Termination "Game drawn by repetition"]

1. d4 Nf6 2. Nc3 d5 3. Bf4 c5 4. e3 a6 5. Nf3 cxd4 6. exd4 Nc6 7. Ne5 Bd7 8. Nxd7 Qxd7 9. Be2 e6 10. O-O Bd6 11.
Be3 O-O 12. h3 Rac8 13. Bf3 Ne7 14. Ne2 Nf5 15. Bf4 Bxf4 16. Nxf4 Qc7 17. Nd3 Qxc2 18.
Nc5 Qxd1 19. Rfxd1 Nxd4 20. Nxb7 Nxf3+ 21. gxf3 Rb8 22. Nc5 Rxb2 23. Nxa6 h6 24. a4 Nd7 25. a5 Ra8 26.
Nc7 Ra7 27. Rdc1 Kf8 28. a6 Ke7 29. Ra5 Nb8 30. Rca1 Rb6 31. Rxd5 Nxa6 32. Rda5 Rxc7 33. Rxa6 Rbb7 34. Kg2 Kf6 35. R1a2 Rc5 36. R6a5 Rc1 37. Ra1 Rc2 38. R1a2 Rc3 39. R2a3 Rcc7 40. Ra2 Rd7 41. R2a3 Rd1 42. Ra1 Rd2 43. R1a2 Rd5 44. R5a4 h5 45. Ra5 Rb1 46. Ra1 Rb3 47. R1a3 Rb4 48. R3a4 Rb6 49. h4 Rxa5 50. Rxa5 g6 51. Rc5 Rd6 52. Ra5 Rd5 53. Ra4 Kf5 54. Kg3 f6 55. Rf4+ Ke5 56. Ra4 Rc5 57. Ra8 Kf5 58. Ra4 Rd5 59.
Rf4+ Ke5 60. Ra4 Rb5 61. Re4+ Kd6 62. Rd4+ Rd5 63. Ra4 Rd1 64. Ra6+ Ke5 65. Ra5+ Rd5 66. Ra4 1/2-1/2

[Event "Early-Titled-Tuesday-Blitz-January-23-2024"]
[Site "Chess.com"]
[Date "2024.01.23"]
[Round "2"]
[White "Chessdude1987"]
[Black "mortngabriel"]
[Result "0-1"]
[WhiteElo "2281"]
[BlackElo "2518"]
[TimeControl "180+1"]
[EndTime "8:18:34 PST"]
[Termination "mortngabriel won by checkmate"]

1. e4 e5 2. Nf3 Nc6 3. d4 exd4 4. Nxd4 Nf6 5. Nc3 Bb4 6. Nxc6 bxc6 7. Bd3 d5 8. exd5 cxd5 9. O-O O-O 10. h3 c6 11.
Qf3 Re8 12. Bf4 Be6 13. Ne2 Bd6 14. Ng3 Bxf4 15. Qxf4 Qb8 16. Qg5 Qxb2 17. Rab1 Qd4 18. Rfd1 h6 19. Qd2 Qh4 20. Rb4 Qg5 21. Qc3 Bd7 22. Qc5 Qe5 23. Rb7 Qe7 24. Qa5 Qd6 25. c4 Reb8 26. c5 Qf8 27. Rc7 Qd8 28. Nf5 Ne8 29. Qc3 Qxc7 30. Re1 Bxf5 31. Bxf5 Nf6 32.
Qf3 Re8 33. Rd1 Rad8 34. g3 Qe5 35. Kg2 g6 36. Bb1 Ne4 37. h4 h5 38. Rd3 Qf5 39. Qe3 Qxf2+ 40. Qxf2 Nxf2 41. Kxf2 Rb8 42. Bc2 Rb2 43.
Rd2 Reb8 44. Kf3 Re8 45. a4 a5 46. Kf2 Kg7 47. Kf3 Kf6 48. Kf2 Re5 49. Kf3 d4 50. Rg2 Rxc5 51. Be4 Rxg2 52. Kxg2 Rc3 53. Kf2 Ke5 54.
Bg2 Ra3 55. Bh1 c5 56. Bc6 c4 57. Bb5 Ra2+ 58. Ke1 Rc2 59. Kd1 d3 60. Bxc4 Rxc4 61. Kd2 Rxa4 62. Kxd3 Ra3+ 63. Kc2 Rxg3 64. Kb2 Rg4 65.
Kc3 Rxh4 66. Kd3 Rd4+ 67. Ke3 a4 68. Kf2 a3 69. Ke2 a2 70. Kf2 a1=Q 71. Kg2 Qa3 72. Kf2 Rb4 73. Kg2 Rb2+ 74. Kg1 Qa1# 0-1

[Event "Early-Titled-Tuesday-Blitz-January-23-2024"]
[Site "Chess.com"]
[Date "2024.01.23"]
[Round "2"]
[White "RodokininEV"]
[Black "MITerryble"]
[Result "0-1"]
[WhiteElo "2626"]
[BlackElo "3003"]
[TimeControl "180+1"]
[EndTime "8:18:35 PST"]
[Termination "MITerryble won by resignation"]

1. Nf3 Nf6 2. c4 b6 3. b3 Bb7 4. e3 g6 5. Bb2 Bg7 6. Be2 O-O 7. O-O e6 8. Nc3 Qe7 9. Qc2 d6 10. d4 Nbd7 11. Rac1 h6 12. Rfd1 a6 13. Qb1 Nh5 14.
Nd2 f5 15. Bf3 c6 16. b4 Rac8 17. a3 Nhf6 18. e4 f4 19. Na4 b5 20. Nc3 e5 21. d5 g5 22. Be2 cxd5 23. cxb5 axb5 24. Nxd5 Nxd5 25. exd5 Nf6 26. Ne4 Rxc1 27. Bxc1 Kh8 28.
Bxb5 Nxd5 29. Bc4 Nb6 30. Bb3 d5 31. Nc5 Bc6 32. a4 f3 33. a5 Nc4 34. Bxc4 dxc4 35. Be3 c3 36. b5 c2 37. Qxc2 Bxb5 38. a6 e4 39. Rb1 Be2 40. Qxe4 Qxe4 41. Nxe4 Bxa6 42.
gxf3 Rxf3 43. Nd2 Rf7 44. Rb8+ Kh7 45. Rb6 Bd3 46. Rd6 Bf5 47. Bd4 Bf8 48. Rd5 Kg6 49.
Be3 Be6 50. Rd4 Bh3 51. Ne4 Rb7 52. Rd1 Bg4 53. Rc1 Bf3 54. Nd2 Bd5 55. Kf1 Ba3 56.
Ra1 Be7 57. Ra6+ Kh7 58. Ra1 Be6 59. Rb1 Rd7 60. Ne4 Bf5 61. Rb4 Bxb4 0-1

[Event "Early-Titled-Tuesday-Blitz-January-23-2024"]
[Site "Chess.com"]
[Date "2024.01.23"]
[Round "2"]
[White "Sychev_Klementy"]
[Black "BasilSmash"]
[Result "1/2-1/2"]
[WhiteElo "2768"]
[BlackElo "2546"]
[TimeControl "180+1"]
[EndTime "8:18:35 PST"]
[Termination "Game drawn - insufficient material"]

1. e4 e5 2. Nf3 Nc6 3. Bb5 a6 4. Ba4 Nf6 5. O-O Be7 6. d3 b5 7. Bb3 O-O 8. Nc3 d6 9. a3 Be6 10. Nd5 Nd4 11. Nxd4 exd4 12. Nxe7+ Qxe7 13. Bg5 h6 14. Bh4 Bxb3 15. cxb3 c5 16. f4 Qe6 17. h3 Nd7 18. b4 f5 19. exf5 Qxf5 20. Be7 Rfe8 21.
Bxd6 Rac8 22. bxc5 Nxc5 23. Bxc5 Rxc5 24. Rf3 Rec8 25.
Rf2 Kh7 26. Kh2 a5 27. Qf3 Rc2 28. Raf1 a4 29. Qg3 Qg6 30. Qxg6+ Kxg6 31. Kg3 Rxf2 32.
Rxf2 Re8 33. f5+ Kf6 34. Kf4 Re3 35. Rd2 h5 36. g3 g5+ 37. fxg6 Kxg6 38. h4 Kf6 39.
Rc2 Rxd3 40. Rc6+ Kf7 41. Rc5 Rb3 42. Ke4 Rxg3 43. Kxd4 Rb3 44. Rxh5 Rxb2 45. Kc5 Rb3 46.
Kc6 Rxa3 47. Rxb5 Rh3 48. Ra5 a3 49. Kb5 Rxh4 50. Rxa3 Rh5+ 51. Kb4 Rf5 52. Rc3 Rf6 53. Rc4 Re6 54. Kc3 Rf6 55. Rc7+ Kg6 56. Kd4 Rf7 57. Rc6+ Rf6 58. Rc8 Rf7 59. Ke4 Re7+ 60. Kf4 Rf7+ 61.
Kg4 Rf6 62. Rc7 Rf7 63. Rc5 Rf6 64. Rg5+ Kf7 65. Rf5 Rxf5 66. Kxf5 1/2-1/2

[Event "Early-Titled-Tuesday-Blitz-January-23-2024"]
[Site "Chess.com"]
[Date "2024.01.23"]
[Round "2"]
[White "GlavkonVVS"]
[Black "SpongeBob_03"]
[Result "1/2-1/2"]
[WhiteElo "2479"]
[BlackElo "2206"]
[TimeControl "180+1"]
[EndTime "8:18:35 PST"]
[Termination "Game drawn by repetition"]

1. c4 e6 2. g3 Nf6 3. Bg2 Be7 4. Nf3 O-O 5. O-O c5 6. e3 b6 7. d4 Bb7 8. d5 exd5 9. Nh4 d6 10. cxd5 Qd7 11.
Nc3 b5 12. e4 g6 13. f4 b4 14. Ne2 Rd8 15. f5 Ne8 16. Nf3 Ng7 17. g4 Na6 18. b3 Bf6 19. Bg5 Bxg5 20. Nxg5 Qe7 21. Qd2 h6 22. f6 Qe5 23. Nxf7 Kxf7 24. fxg7+ Kxg7 25. Nf4 Bc8 26. Rae1 Bxg4 27. Ne6+ Bxe6 28. dxe6 Qxe6 29. e5 dxe5 30. Qe2 Rac8 31. Qxe5+ Qxe5 32. Rxe5 Rc7 33. Bd5 Nb8 34. Bc4 Nc6 35. Rxc5 Rdd7 36. Be6 Nb8 37.
Rb5 Re7 38. Bc4 Nc6 39. Rc5 Nd4 40. Rxc7 Rxc7 41. Rd1 Nf3+ 42. Kg2 Ne5 43. Rd4 Nxc4 44. bxc4 a5 45. Kf3 a4 46. Ke3 b3 47. axb3 axb3 48.
Kd3 b2 49. Kc2 Rb7 50. Kb1 Kf6 51. c5 Ke5 52. Rd2 Rc7 53. Kxb2 Rxc5 54. h4 Kf4 55. Rd6 Rh5 56. Rxg6 Rxh4 57. Kc3 h5 58. Kd3 Rh2 59. Rg8 h4 60. Rg7 h3 61. Rf7+ Kg3 62.
Rg7+ Kf2 63. Rf7+ Kg2 64. Rg7+ Kh1 65. Ke3 Rg2 66. Rh7 h2 67. Rb7 Rg1 68. Kf2 Rg2+ 69. Kf1 Rg1+ 70. Kf2 Rg2+ 71. Kf1 Rg1+ 72. Kf2 1/2-1/2

[Event "Early-Titled-Tuesday-Blitz-January-23-2024"]
[Site "Chess.com"]
[Date "2024.01.23"]
[Round "2"]
[White "PattyCastillo"]
[Black "emeli_chess"]
[Result "1-0"]
[WhiteElo "1965"]
[BlackElo "2421"]
[TimeControl "180+1"]
[EndTime "8:18:35 PST"]
[Termination "PattyCastillo won on time"]

1. d4 Nf6 2. Nf3 b6 3. e3 Bb7 4. Bd3 c5 5. b3 cxd4 6. exd4 e6 7. O-O Be7 8. Nbd2 O-O 9. Bb2 d6 10. c4 Nbd7 11. Re1 Qc7 12. Rc1 Rac8 13. b4 Qb8 14.
d5 e5 15. Ng5 h6 16. Nge4 Nxe4 17. Nxe4 f5 18. Nc3 e4 19. Bf1 Ne5 20. Nb5 a6 21.
Nd4 Bg5 22. Ne6 Bxc1 23. Bxc1 Rf6 24. Qh5 Re8 25. Bb2 Re7 26. Bxe5 dxe5 27. Rd1 a5 28. a3 axb4 29. axb4 Kh7 30. Qh4 Rexe6 31. dxe6 Rxe6 32. Rd7 Bc6 33. Re7 Rxe7 34. Qxe7 f4 35. b5 Ba8 36. h4 e3 37. Bd3+ e4 38. Bxe4+ Bxe4 39. Qxe4+ Kh8 40. fxe3 fxe3 41. Qxe3 Qc7 42. Qe4 Qc5+ 43.
Kh2 Qc7+ 44. g3 Qc5 45. Qd5 Qf2+ 46. Kh3 g6 47. Qe5+ Kh7 48. Qe7+ Kh8 49. Qe8+ Kh7 50. Qe7+ Kh8 51. Qe8+ Kg7 52. Qe7+ 1-0

[Event "Early-Titled-Tuesday-Blitz-January-23-2024"]
[Site "Chess.com"]
[Date "2024.01.23"]
[Round "2"]
[White "AljoschaFeuerstack"]
[Black "Jumbo"]
[Result "0-1"]
[WhiteElo "2615"]
[BlackElo "2971"]
[TimeControl "180+1"]
[EndTime "8:18:36 PST"]
[Termination "Jumbo won by resignation"]

1. e4 c5 2. Nf3 d6 3. g3 Nf6 4. d3 g6 5. Bg2 Bg7 6. O-O O-O 7. Re1 Nc6 8. c3 e5 9. a3 Re8 10. b4 a6 11. Be3 b6 12. Nbd2 h6 13. Nc4 Be6 14.
h3 Nxe4 15. Nfd2 Nxd2 16. Bxc6 Nxc4 17. dxc4 Bxh3 18. Qf3 Be6 19. Bxa8 Qxa8 20. Qxa8 Rxa8 21. Rad1 Bf8 22. f4 Bxc4 23. bxc5 bxc5 24. fxe5 dxe5 25.
Rd7 Be6 26. Rc7 c4 27. Bc5 Bg7 28. Bd6 e4 29. Rxe4 Bxc3 30. Rxe6 fxe6 31. Rxc4 Bf6 32. Rc6 g5 33. Bb4 Kf7 34. Rc7+ Kg6 35. Rc6 Kf5 36. Rc5+ e5 37. Kg2 h5 38. Rc6 g4 39. Bd2 Bg5 40.
Bc3 Bf6 41. Rc5 Rb8 42. Ra5 Rb3 43. Be1 Rb2+ 44. Kf1 Rb1 45. Ke2 Rb2+ 46. Kf1 Rb3 47. Rxa6 Be7 48. Ke2 Rxa3 49. Rh6 Ra2+ 50. Kd3 e4+ 51. Kc4 e3 52. Rxh5+ Ke4 53. Rh6 Kf3 54. Re6 Bg5 55. Kd3 Ra3+ 56. Kd4 e2 57. Re8 Ra1 58. Bc3 Rd1+ 59. Kc4 Be3 60. Rf8+ Kxg3 61. Re8 e1=Q 62. Bxe1+ Rxe1 63. Kd3 Bf2 0-1

[Event "Early-Titled-Tuesday-Blitz-January-23-2024"]
[Site "Chess.com"]
[Date "2024.01.23"]
[Round "2"]
[White "Smile2005"]
[Black "GaiozNigalidze"]
[Result "0-1"]
[WhiteElo "2387"]
[BlackElo "2707"]
[TimeControl "180+1"]
[EndTime "8:18:36 PST"]
[Termination "GaiozNigalidze won by checkmate"]

1. e4 c5 2. Nf3 d6 3. d4 cxd4 4.
Nxd4 Nf6 5. f3 e5 6. Nb3 Be7 7. c4 O-O 8. Be3 a5 9. Nc3 a4 10. Nd2 Qa5 11. Rc1 Nc6 12. Be2 Bd8 13. O-O Bb6 14.
Bf2 Bd4 15. Ndb1 Be6 16. Qd2 Qb4 17. Rfd1 Qc5 18. Bf1 Rfd8 19. Nd5 Nd7 20. Nbc3 Bxf2+ 21. Qxf2 Nd4 22. Nb5 Nxb5 23. cxb5 Qxf2+ 24. Kxf2 Bxd5 25. Rxd5 Nb6 26. Rd2 Rd7 27. Rdc2 Kf8 28. Bc4 Rc8 29. b3 Ke7 30. bxa4 Nxa4 31. Bd5 Nc5 32. Ke3 Ra8 33. Rc3 Ra5 34. Rb1 Rd8 35. Rb4 Rda8 36. g4 Ra3 37.
Rc4 Rxc3+ 38. Rxc3 Ra5 39. Bc4 Ra4 40. Bd5 Rb4 41. Bc4 Rb2 42. h4 h6 43. h5 g6 44.
Ra3 gxh5 45. gxh5 Rh2 46. Ra7 Rxh5 47. Bd5 Rh2 48. Bxb7 Kf6 49. Bd5 Ne6 50. Bxe6 Kxe6 51. b6 Rb2 52. b7 h5 53. a4 h4 54. a5 h3 55. a6 h2 56. Ra8 h1=Q 57. b8=Q Qe1+ 58.
Kd3 Qe2+ 59. Kc3 Qc2# 0-1

[Event "Early-Titled-Tuesday-Blitz-January-23-2024"]
[Site "Chess.com"]
[Date "2024.01.23"]
[Round "2"]
[White "Shuvalov"]
[Black "Kunalm64"]
[Result "0-1"]
[WhiteElo "2468"]
[BlackElo "2490"]
[TimeControl "180+1"]
[EndTime "8:18:37 PST"]
[Termination "Kunalm64 won on time"]

1. d4 Nf6 2. c4 e6 3. Nc3 Bb4 4. e3 O-O 5. a3 Bxc3+ 6. bxc3 c5 7. Ne2 Nc6 8. Ng3 b6 9. e4 Ne8 10. d5 Na5 11. Bd3 Ba6 12. Qe2 e5 13. Rb1 Nd6 14.
Nh5 g6 15. Ng3 Bxc4 16. f4 f6 17. O-O Qe7 18. fxe5 fxe5 19. Bh6 Rxf1+ 20. Rxf1 Bxd3 21. Qxd3 Nf7 22. Bc1 c4 23. Qf3 Rf8 24. Qg4 Nd6 25. Rxf8+ Kxf8 26. Bh6+ Kg8 27. h4 Nf7 28. Be3 Nb7 29.
h5 Nh8 30. Nf5 Qd8 31. d6 Nc5 32. Nh6+ Kg7 33. Bg5 Qf8 34. Be7 Qf4 35. Nf5+ Kf7 36. Qxf4 exf4 37. Nd4 Nxe4 38. Nb5 a6 39. Nc7 gxh5 40.
Nxa6 Nxc3 41. Nb4 Ng6 42. Bg5 Ne4 43. Bh6 Nxd6 44. Kf2 Kf6 45. Nd5+ Ke5 46. Nxb6 c3 47. Ke2 Kd4 48. Nxd7 h4 49. Bg7+ Kc4 50. a4 Nf5 51. a5 Nxg7 52. a6 f3+ 53. gxf3 Nf4+ 54. Kd1 Nd5 55.
a7 Nc7 56. Nb6+ Kd3 0-1

[Event "Early-Titled-Tuesday-Blitz-January-23-2024"]
[Site "Chess.com"]
[Date "2024.01.23"]
[Round "2"]
[White "SAInt_666"]
[Black "Bigfish1995"]
[Result "1-0"]
[WhiteElo "2666"]
[BlackElo "3115"]
[TimeControl "180+1"]
[EndTime "8:18:39 PST"]
[Termination "SAInt_666 won by resignation"]

1. e4 c6 2. d4 d5 3. Nc3 dxe4 4. Nxe4 Nf6 5. Nxf6+ exf6 6. c3 Bd6 7. Bd3 O-O 8.
Qc2 Re8+ 9. Ne2 h6 10. O-O Qc7 11. h3 Nd7 12. Be3 b5 13. a4 Rb8 14. axb5 cxb5 15.
Bh7+ Kf8 16. Rfe1 Nb6 17. Bd3 a6 18. b3 Nd5 19. Bd2 Bb7 20. c4 Nb4 21. Bxb4 Bxb4 22. Rec1 Rbc8 23. Ng3 Qf4 24. Qb2 Bd2 25. Rd1 Be3 26.
Nf5 Qg5 27. Nxe3 Rxe3 28. fxe3 Qxe3+ 29. Qf2 Qg5 30. d5 g6 31. Re1 f5 32. Qe3 Qf6 33. Qxh6+ Kg8 34. Qe3 Rf8 35. Qe5 Qb6+ 36. Qe3 Qd6 37.
Bf1 f4 38. Qe5 Qb6+ 39. Kh2 Qf2 40. Qe2 Qg3+ 41. Kg1 Qxb3 42. cxb5 Bxd5 43. bxa6 f3 44. Qe3 Qb2 45. Qf2 Qf6 46. Rad1 Ba8 47. Re3 Rb8 48. Rxf3 Bxf3 49. Qxf3 Qb6+ 50. Qf2 Qa5 51. Re1 Qa4 52. Re7 Rf8 53. a7 Kg7 54. Bd3 Qa1+ 55. Kh2 Qa3 56. Rd7 Qa4 57. Qd4+ Qxd4 58. Rxd4 Ra8 59. Ra4 f5 60.
Bc4 Kf6 61. Bd5 Rxa7 62. Rxa7 Ke5 63. Bf7 g5 64. Ra5+ Kf6 65. Be8 Ke6 66. Bd7+ Kxd7 67. Rxf5 Ke6 68. g4 1-0

[Event "Early-Titled-Tuesday-Blitz-January-23-2024"]
[Site "Chess.com"]
[Date "2024.01.23"]
[Round "2"]
[White "Hasangatin_Ramil"]
[Black "KVAIDAN"]
[Result "1-0"]
[WhiteElo "2700"]
[BlackElo "2364"]
[TimeControl "180+1"]
[EndTime "8:18:39 PST"]
[Termination "Hasangatin_Ramil won by checkmate"]

1. e4 e5 2. Nf3 d5 3. d3 dxe4 4. dxe4 Qxd1+ 5. Kxd1 Nc6 6. Nfd2 f5 7. Bb5 Bd7 8. exf5 O-O-O 9. c3 Nge7 10. Bd3 Nxf5 11.
Kc2 Be6 12. Be4 Bc5 13. Rf1 Rhf8 14. Bxc6 bxc6 15. Ne4 Bc4 16. Rd1 Bb6 17. b3 Be2 18.
Rxd8+ Rxd8 19. Nbd2 Bd3+ 20. Kb2 Nd6 21. f3 Nxe4 22.
Nxe4 Bf1 23. g3 Bg2 24. Ng5 h6 25. Ne6 Rd6 26. Nxg7 Bxf3 27. Nf5 Rf6 28. Ne3 Be4 29. Nc4 Rf2+ 30. Ka3 Bc5+ 31. b4 Be7 32. Be3 Re2 33. Bxa7 Bd5 34. Nb2 e4 35. c4 Bf6 36. Rb1 Bf7 37. Na4 e3 38. Rf1 Rf2 39. Rxf2 exf2 40. Bxf2 Bxc4 41. Nc5 Bc3 42. Be3 h5 43. Ne4 Be1 44.
Bf2 Bxf2 45. Nxf2 Kd7 46. Kb2 Ke6 47. a3 Kd5 48. Kc3 Bf1 49. a4 Kd6 50. Nd3 Kd5 51.
Nf4+ Ke4 52. Nxh5 Kd5 53. Nf4+ Ke4 54. h4 Kf3 55. h5 Kxg3 56. h6 Kxf4 57. h7 Ke5 58.
h8=Q+ Kd5 59. Qd4+ Ke6 60. Qc5 Kd7 61. a5 Bb5 62. Kd4 Kc8 63. Ke5 Kb7 64. Kf6 Ka6 65.
Ke7 Kb7 66. Kd8 Kb8 67. Qe5 Ka8 68. Qxc7 Ba6 69. Qb6 Bb7 70. Kc7 Bc8 71. Qb8# 1-0

[Event "Early-Titled-Tuesday-Blitz-January-23-2024"]
[Site "Chess.com"]
[Date "2024.01.23"]
[Round "2"]
[White "Bauman_Guy"]
[Black "nindjaxx8"]
[Result "1-0"]
[WhiteElo "2894"]
[BlackElo "2591"]
[TimeControl "180+1"]
[EndTime "8:18:41 PST"]
[Termination "Bauman_Guy won on time"]

1. e4 e6 2. d4 d5 3. Nd2 c5 4. Ngf3 cxd4 5. Nxd4 Nc6 6. Nxc6 bxc6 7. Bd3 Nf6 8. O-O Be7 9. Qe2 Bb7 10. c4 dxe4 11.
Nxe4 O-O 12. Rd1 Qc8 13. Bf4 Rd8 14. c5 Rd5 15. b4 a5 16. a3 axb4 17. axb4 Qd8 18.
Nd6 Bxd6 19. Bxd6 Ne8 20. Rxa8 Qxa8 21. Be4 Qa2 22. Qf1 Rxd1 23. Qxd1 Qc4 24. Qb1 f5 25. Bd3 Qd4 26. Bb8 Nf6 27. h3 Nd5 28. Qe1 Kf7 29. Bf1 Nxb4 30. Bd6 Nd5 31. Qb1 Qb4 32. Qa1 Nc3 33. Qa7 Qb1 34. f3 Ne2+ 35. Kf2 Nd4 36.
Qb8 Kg6 37. Qe8+ Kf6 38. Qf8+ Kg6 39. h4 h5 40. Qe8+ Kh6 41. Bf4+ Kh7 42. Qxh5+ Kg8 43.
Qe8+ Kh7 44. Qd7 Qc2+ 45. Kg1 Qd1 46. Qd6 Ba6 47. Kh2 Bxf1 48. Be5 Qe2 49. Kg3 Qxg2+ 50. Kf4 Ne2+ 51. Ke3 Ng3 52. Bxg3 Qe2+ 53. Kf4 Bg2 54. Kg5 Qxf3 55. Qf4 Qe2 56. h5 Bf3 57. h6 gxh6+ 58. Kf6 Bh5 59. Qc7+ Bf7 60. Qxf7+ 1-0